 Dungeon Crawl Stone Soup version 0.19.5 (webtiles) character file.

394 IcyNumb the Cleaver (level 6, -4/52 HPs)
             Began as a Hill Orc Fighter on May 20, 2017.
             Was a Follower of Nemelex Xobeh.
             Slain by an ogre
             ... wielding a +0 giant club
              (21 damage)
             ... on level 4 of the Dungeon.
             The game lasted 00:27:37 (4743 turns).

IcyNumb the Cleaver (Hill Orc Fighter)              Turns: 4743, Time: 00:27:38

Health: -4/52      AC: 12    Str: 21    XL:     6   Next: 81%
Magic:  6/6        EV:  4    Int:  8    God:    Nemelex Xobeh [*.....]
Gold:   190        SH:  9    Dex: 10    Spells: 0 memorised, 5 levels left

rFire  . . .     SeeInvis .     a - +0 war axe
rCold  . . .     Gourm    .     h - +0 plate armour
rNeg   . . .     Faith    .     c - +0 shield
rPois  .         Spirit   .     (no helmet)
rElec  .         Reflect  .     (no cloak)
rCorr  .         Harm     .     j - +0 pair of gloves
MR     .....                    (no boots)
Stlth  ..........               (no amulet)
                                (no ring)
                                (no ring)

@: no status effects
A: no striking features
a: Renounce Religion


You were on level 4 of the Dungeon.
You worshipped Nemelex Xobeh.
Nemelex Xobeh was aware of your devotion.
You were not hungry.

You visited 2 branches of the dungeon, and saw 6 of its levels.

You collected 190 gold pieces.

Inventory:

Hand Weapons
 a - a +0 war axe (weapon)
Armour
 c - a +0 shield (worn)
 h - a +0 plate armour (worn)
 j - a +0 pair of gloves (worn)
Wands
 y - a wand of iceblast (9/15)
Scrolls
 e - 3 scrolls of magic mapping
 p - a scroll of fog
 r - a scroll of remove curse
 s - 2 scrolls of identify
 w - a scroll of teleportation
Potions
 d - 3 potions of might
 g - a potion of degeneration
 i - 2 potions of curing
 l - a potion of cancellation {unknown}
 m - a potion of lignification {unknown}
 o - 3 potions of flight
 t - a potion of brilliance {unknown}
 v - a potion of agility
Books
 n - a book of Minor Magic

   Spells                             Type                      Level
   a - Magic Dart                     Conjuration                  1
   b - Blink                          Translocation                2
   c - Call Imp                       Summoning                    2
   d - Repel Missiles                 Charms/Air                   2
   e - Slow                           Hexes                        2
   f - Conjure Flame                  Conjuration/Fire             3
   g - Mephitic Cloud                 Conjuration/Poison/Air       3
Miscellaneous
 b - a plain deck of destruction {drawn: 2}
 k - a plain deck of summoning
 A - a plain deck of summoning
Comestibles
 f - 2 bread rations
 q - 2 fruits
 u - 3 meat rations


   Skills:
 - Level 3.9 Fighting
 + Level 8.4 Axes
 - Level 3.7 Armour
 - Level 4.0 Shields


You had 5 spell levels left.
You didn't know any spells.

Dungeon Overview and Level Annotations

Branches:
Dungeon (5/15)             Temple (1/1) D:4

Altars:
Ashenzari
Dithmenos
Elyvilon
Hepliaklqana
Makhleb
Nemelex Xobeh
Okawaru
Ru
Trog
Xom
Yredelemnul
Zin

Annotations:
D:5 Prince Ribbit


Message History

The ogre hits you with a giant club.
You climb upwards.
There is a stone staircase leading down here.
You hit the ogre.
The ogre is moderately wounded.
The ogre hits you with a giant club!
Your shield and plate armour prevent you from hitting the ogre.
The ogre is moderately wounded.
You block the ogre's attack.
You slash the ogre!
The ogre is severely wounded.
The ogre hits you with a giant club!!
Your shield and plate armour prevent you from hitting the ogre.
The ogre is severely wounded.
The ogre hits you with a giant club.
Your plate armour prevents you from hitting the ogre.
The ogre is severely wounded.
The ogre hits you with a giant club!!
You die...
Your body disappears without a glow.

#.............#........#........
#.........###.#.#....#.8........
#.........# #.#.#....#..........
#.........# #...#.#..##8........
#.........# ##..#.#..###........
#.........# ##.#.#....#........
#.........### #.#.##.###........
########....###O#.##.###.§......
############..##@#.##..##......§.
#.............##(#.###.##........
#.#########.#......# #..#########
#.# #'####...####.##.###... #.#
##.## #....###.#........ #.#
#8.8# #.#....[.......... #.#
##.## #.#.#.##.##....... #.#
##.####.#.#.##.##......P #.#
#8.8#.....#...........##


You could see an ogre.

Vanquished Creatures
  A scorpion (D:3)
  An orc priest (D:3)
  An iguana (D:4)
  2 orc wizards (D:3)
  2 worker ants
  7 adders
  2 oozes (D:2)
  2 worms
  2 dart slugs (D:1)
  6 leopard geckos
  11 orcs
  A giant cockroach (D:4)
  9 goblins
  14 hobgoblins
  2 jackals (D:1)
  3 ball pythons
  9 bats
  7 frilled lizards
  4 kobolds
  A leopard gecko skeleton (D:4)
  9 rats
96 creatures vanquished.

Notes
Turn   | Place    | Note
-------+----------+-------------------------------------------
     0 | D:1      | IcyNumb the Hill Orc Fighter began the quest for the Orb.
     0 | D:1      | Reached XP level 1. HP: 19/19 MP: 1/1
    59 | D:1      | Reached XP level 2. HP: 26/27 MP: 2/2
   293 | D:1      | Reached skill level 3 in Axes
   322 | D:1      | Reached XP level 3. HP: 32/33 MP: 3/3
  1351 | D:2      | Found a sparkling altar of Nemelex Xobeh.
  1355 | D:2      | Became a worshipper of Nemelex Xobeh the Trickster
  1371 | D:2      | Reached XP level 4. HP: 37/40 MP: 4/4
  1373 | D:2      | Reached skill level 4 in Axes
  1510 | D:2      | Received a gift from Nemelex Xobeh
  2108 | D:3      | Reached skill level 5 in Axes
  2117 | D:3      | Reached XP level 5. HP: 39/46 MP: 5/5
  2131 | D:3      | Reached skill level 6 in Axes
  2691 | D:3      | Reached XP level 6. HP: 21/52 MP: 6/6
  2976 | D:3      | Reached skill level 7 in Axes
  3432 | D:3      | Reached * piety under Nemelex Xobeh
  3584 | D:3      | Received a gift from Nemelex Xobeh
  3866 | D:4      | Found a hazy altar of Hepliaklqana.
  3873 | D:4      | Found a shimmering altar of Xom.
  3873 | D:4      | Found a basalt altar of Yredelemnul.
  3908 | D:4      | Received a gift from Nemelex Xobeh
  4093 | D:4      | Reached skill level 8 in Axes
  4417 | D:4      | Found a staircase to the Ecumenical Temple.
  4427 | Temple   | Entered the Ecumenical Temple
  4563 | D:5      | Entered Level 5 of the Dungeon
  4575 | D:5      | Noticed Prince Ribbit
  4743 | D:4      | Slain by an ogre

Skill      XL: |  1  2  3  4  5  6 |
---------------+-------------------+-----
Axes           | 3 5 6 8 |  8.4
Shields        | 4 |  4.0
Fighting       | |  3.9
Armour         | |  3.7

Action                   |  1- 3 |  4- 6 || total
-------------------------+-------+-------++-------
Melee: War axe           |   115 |   352 ||   467
Evoke: Deck              |       |     2 ||     2
  Use: Scroll            |       |    10 ||    10
  Eat: Beef jerky        |     1 |     1 ||     2
       Chunk             |       |     9 ||     9
       Fruit             |       |     1 ||     1
Armor: Scale mail        |    49 |     5 ||    54
       Chain mail        |       |   135 ||   135
       Plate armour      |       |    22 ||    22
Dodge: Dodged            |    39 |    85 ||   124
Block: Shield            |    60 |   177 ||   237
